 Dungeon Crawl Stone Soup version 0.16-a0-326-g6f2d4d4 (webtiles) character file.

10073 PolkaDot the Summoner (level 11, -1/68 HPs)
             Began as a Vampire Summoner on Sept 3, 2014.
             Was the Champion of Sif Muna.
             Slain by a yak (11 damage)
             ... on Level 4 of the Lair of Beasts.
             The game lasted 01:06:06 (13791 turns).

PolkaDot the Summoner (Vampire Summoner)           Turns: 13791, Time: 01:06:06

HP  -1/68        AC  7     Str  7      XL: 11   Next: 31%
MP   6/20        EV 12     Int 20      God: Sif Muna [******]
Gold 567         SH  0     Dex 14      Spells:  5 memorised,  2 levels left

rFire  . . .     SeeInvis +     B - +0 quarterstaff (freeze)
rCold  + + .     Clarity  .     G - +1 robe {rC+}
rNeg   + . .     rCorr    .     (no shield)
rPois  .         rRot     .     u - +1 helmet
rElec  .         Spirit   .     e - +2 cloak
SustAb +         Warding  .     (no gloves)
rMut   +         Stasis   .     (no boots)
Gourm  .                        I - cursed amulet of resist mutation
MR     +....                    x - ring of protection from cold
                                c - ring of sustain abilities

@: somewhat resistant to hostile enchantments, unstealthy
A: bottle blood, fangs 3, hooves 1, see invisible, deformed body, unbreathing
a: Bat Form, Bottle Blood, Channel Energy, Forget Spell, Renounce Religion


You were on level 4 of the Lair of Beasts.
You worshipped Sif Muna.
Sif Muna was exalted by your worship.
You were not thirsty.

You visited 3 branches of the dungeon, and saw 14 of its levels.
You also visited: Sewer.

You collected 567 gold pieces.

Inventory:

Hand weapons
 B - a +0 quarterstaff of freezing (weapon)
Armour
 e - a +2 cloak (worn)
 u - a +1 helmet (worn)
 G - a +1 robe of cold resistance (worn)
Magical devices
 k - a wand of random effects (14)
 v - a wand of fire (6)
 y - a wand of slowing (8) {unknown}
 z - a wand of fire (5)
 A - a wand of lightning (6) {unknown}
 F - a wand of magic darts (14) {unknown}
 H - a wand of digging (9) {unknown}
 L - a wand of confusion (14) {unknown}
Scrolls
 d - a scroll of acquirement {unknown}
 g - a scroll of amnesia
 h - 2 scrolls of teleportation
 i - 2 scrolls of fear
 j - a scroll of random uselessness {unknown}
 n - a scroll of immolation
 o - a scroll of vulnerability {unknown}
 q - a scroll of fog
 r - a scroll of recharging {unknown}
 C - 3 scrolls of remove curse
 E - a scroll of holy word {unknown}
 J - a scroll of torment {unknown}
Jewellery
 c - a ring of sustain abilities (left hand)
 m - an uncursed ring of ice
 x - a ring of protection from cold (right hand)
 I - a cursed amulet of resist mutation (around neck)
Potions
 a - a potion of cancellation {unknown}
 f - a potion of haste
 l - 4 potions of berserk rage
 p - 4 potions of brilliance
 t - 2 potions of agility {unknown}
 w - a potion of restore abilities
 D - a potion of might
 K - a potion of lignification
 M - a potion of resistance {unknown}
 N - a potion of curing
Books
 b - a book of Callings

   Spells                             Type                      Level
   *Summon Small Mammal               Summoning                    1
   *Call Imp                          Summoning                    2
   *Call Canine Familiar              Summoning                    3
   *Summon Guardian Golem             Hexes/Summoning              4
   Summon Lightning Spire             Summoning/Air                4
   *Summon Ice Beast                  Ice/Summoning                4
 s - a book of Spatial Translocations

   Spells                             Type                      Level
   Apportation                        Translocation                1
   Blink                              Translocation                2
   Shroud of Golubria                 Charms/Translocation         2
   Portal Projectile                  Translocation                3
   Teleport Other                     Translocation                3
   Passage of Golubria                Translocation                4
 O - Sif Muna's Disquisition on Hexes and the Snowflakes {god gift}
   (Sif Muna gifted it to you on level 4 of the Lair of Beasts)

   Spells                             Type                      Level
   Corona                             Hexes                        1
   Tukima's Dance                     Hexes                        3
   *Summon Ice Beast                  Ice/Summoning                4
   Bolt of Cold                       Conjuration/Ice              6
   Mass Confusion                     Hexes                        6


   Skills:
 + Level 5.0 Staves
 - Level 2.1 Dodging
 - Level 3.0 Stealth
 - Level 3.4 Spellcasting
 + Level 6.8 Hexes
 * Level 13.4 Summonings
 - Level 8.4 Ice Magic


You had 2 spell levels left.
You knew the following spells:

 Your Spells              Type           Power        Failure   Level  Hunger
a - Summon Small Mammal   Summ           ####         1%          1    None
d - Call Canine Familiar  Summ           ######..     1%          3    ###....
g - Summon Guardian Gole  Hex/Summ       #####...     1%          4    ####...
i - Summon Ice Beast      Ice/Summ       #####...     1%          4    ####...
s - Call Imp              Summ           ######..     1%          2    ##.....


Dungeon Overview and Level Annotations

Branches:
Dungeon (9/15)             Temple (1/1) D:6            Lair (4/8) D:8
  Snake (0/5) Lair:3
    Orc: D:9-12       Swamp: Lair:3-6    Shoals: Lair:3-6

Altars:
Ashenzari
Cheibriados
Dithmenos
Elyvilon
Fedhas
Gozag
Kikubaaqudgha
Makhleb
Nemelex Xobeh
Qazlal
Sif Muna
Trog
Vehumet
Xom
Yredelemnul
The Shining One


Innate Abilities, Weirdness & Mutations

You can bottle blood from corpses.
You have razor-sharp teeth.
You have supernaturally acute eyesight.
You can survive without breathing.
You have large cloven feet.
Armour fits poorly on your strangely shaped body.


Message History

The quokka barely misses you.
Your wolf bites the yak!
The yak gores your ice beast.
Unknown command.
Your wolf barely misses the yak.
The yak gores your wolf!
Your wolf bites the yak.
Your guardian golem overheats!
Unknown command.
You hit the yak. You freeze the yak. You kick the yak.
The yak is severely wounded.
The yak gores you.
* * * LOW HITPOINT WARNING * * *
You hit the yak but do no damage.
The yak is severely wounded.
The yak gores you!
* * * LOW HITPOINT WARNING * * *
Your ice beast closely misses the yak.
You hit the yak. You freeze the yak.
The yak is almost dead.
The yak gores you!
You die...

.....#..#.#..
#..............
##...............
..................#
...................#
........Y..Y.h.......
..........Y8Y......#
........Y..##Y##....#
....#....##.#@# ...##
##...#....##....#
##.........+...#
#....+.....#...#
##....#<..#....##
#....##.........#
##...####%##...##
#....#P....P....#
.................#


You could see a yak, a friendly guardian golem (inner flame), 3 friendly ice
beasts and a friendly wolf.

Vanquished Creatures
  Fannar (Lair:2)
  A griffon (Lair:2)
  A komodo dragon (Lair:1)
  Grinder (D:5)
  2 blink frogs (Lair:2)
  2 hungry ghosts
  4 ice beasts
  An orc warrior (D:7)
  5 porcupines
  2 crocodiles (Lair:2)
  Sigmund (D:7)
  5 giant frogs
  A scorpion (D:6)
  2 iguanas
  An orc priest (D:8)
  7 hounds
  5 orc wizards
  A worker ant (D:7)
  A sheep (Lair:1)
  6 adders
  10 green rats
  A scorpion zombie (D:7)
  3 gnolls (D:6)
  A worm (D:3)
  An adder skeleton (D:5)
  An orc zombie (D:6)
  2 giant geckos (D:6)
  9 orcs
  13 bats
  4 giant cockroaches
  6 hobgoblins
  7 jackals
  12 kobolds
  3 quokkas
  19 ball pythons
  5 giant newts
  7 goblins
  A hobgoblin zombie (D:7)
  A kobold zombie (D:5)
  A quokka skeleton (D:5)
  9 rats
166 creatures vanquished.

Vanquished Creatures (collateral kills)
  A hydra (Lair:3)
  4 elephants (Lair:3)
  Joseph (D:7)
  Psyche (D:8)
  7 spiny frogs
  3 komodo dragons (Lair:1)
  A deep elf priest (D:7)
  7 blink frogs (Lair:2)
  14 yaks
  A hungry ghost (D:7)
  A water moccasin (Lair:3)
  The ghost of lennard the Ruinous, an average OpCj (D:3)
  A porcupine (D:8)
  An orc warrior (D:7)
  A sky beast (D:7)
  2 black bears (D:7)
  7 ice beasts
  5 crocodiles
  2 phantoms
  2 ogres
  6 giant frogs
  A crimson imp (D:7)
  2 hounds
  2 orc priests
  4 iguanas
  A two-headed ogre zombie (D:7)
  3 worker ants
  2 orc wizards (D:7)
  Ijyb (D:7)
  11 sheep (Lair:1)
  2 adders
  A gnoll (D:6)
  2 shadow imps
  4 green rats
  A white imp (Lair:2)
  An adder skeleton (D:4)
  12 orcs
  3 goblins
  2 hobgoblins
  4 jackals
  3 kobolds
  2 oozes (D:6)
  A quokka (D:8)
  11 ball pythons (Sewer)
  5 bats
  A giant newt (D:5)
  2 rats
153 creatures vanquished.

Vanquished Creatures (others)
  An elephant (Lair:3)
  4 guardian golems
  11 wolves
  A warg (Lair:3)
  18 ice beasts
  3 crimson imps
  8 hounds
  An iron imp (Lair:2)
  A shadow imp (Lair:2)
  4 white imps
  A bat (D:2)
  3 plants
56 creatures vanquished.

Grand Total: 375 creatures vanquished

Notes
Turn   | Place    | Note
--------------------------------------------------------------
     0 | D:1      | PolkaDot, the Vampire Summoner, began the quest for the Orb.
     0 | D:1      | Reached XP level 1. HP: 13/13 MP: 3/3
   692 | D:1      | Reached XP level 2. HP: 17/19 MP: 4/4
   696 | D:1      | Learned a level 2 spell: Call Imp
  1315 | D:2      | Found a radiant altar of Vehumet.
  1784 | D:2      | Reached skill level 5 in Summonings
  1784 | D:2      | Reached XP level 3. HP: 13/24 MP: 0/6
  1808 | D:2      | Learned a level 3 spell: Call Canine Familiar
  1866 | D:3      | Noticed lennard's ghost (average OpCj)
  2011 | D:3      | Killed lennard's ghost
  2011 | D:3      | Reached skill level 6 in Summonings
  2011 | D:3      | Reached XP level 4. HP: 2/30 MP: 0/7
  2321 | D:3      | Noticed a giant frog
  2330 | D:3      | Killed a giant frog
  2330 | D:3      | Reached XP level 5. HP: 15/35 MP: 3/9
  3463 | D:4      | Noticed an ogre
  3485 | D:4      | Killed an ogre
  3485 | D:4      | Reached skill level 7 in Summonings
  3517 | D:4      | Found a shimmering altar of Xom.
  3569 | D:4      | Found a glowing drain.
  3582 | Sewer    | Entered a sewer
  3818 | D:4      | Reached XP level 6. HP: 21/41 MP: 6/10
  4076 | D:5      | Entered Level 5 of the Dungeon
  4149 | D:5      | Found a shimmering altar of Xom.
  4301 | D:5      | Noticed Grinder
  4308 | D:5      | Paralysed by Grinder for 7 turns
  4323 | D:5      | Killed Grinder
  4323 | D:5      | Reached skill level 8 in Summonings
  4590 | D:5      | Reached XP level 7. HP: 26/46 MP: 6/12
  5166 | D:5      | Reached skill level 9 in Summonings
  5381 | D:5      | Learned a level 4 spell: Summon Ice Beast
  5650 | D:6      | Gained mutation: Armour fits poorly on your strangely shaped body. [potion of mutation]
  5650 | D:6      | Gained mutation: You have large cloven feet. [potion of mutation]
  5752 | D:6      | Found a staircase to the Ecumenical Temple.
  5753 | D:6      | Found a bloodstained altar of Trog.
  5769 | D:6      | Found a shattered altar of Ashenzari.
  5772 | Temple   | Entered the Ecumenical Temple
  5882 | Temple   | Became a worshipper of Sif Muna the Loreminder
  5917 | D:6      | Reached skill level 1 in Ice Magic
  6164 | D:6      | Found an opulent altar of Gozag.
  6503 | D:7      | Noticed Sigmund
  6513 | D:7      | Killed Sigmund
  6586 | D:7      | Reached XP level 8. HP: 50/52 MP: 13/13
  6638 | D:7      | Acquired Sif Muna's first power
  6729 | D:7      | Reached skill level 5 in Ice Magic
  6913 | D:7      | Noticed Ijyb
  6922 | D:7      | Acquired Sif Muna's second power
  6923 | D:7      | Killed Ijyb
  7149 | D:7      | Noticed Joseph
  7201 | D:7      | Killed Joseph
  7201 | D:7      | Reached XP level 9. HP: 54/57 MP: 14/14
  7492 | D:7      | Found an ancient bone altar of Kikubaaqudgha.
  7492 | D:7      | Noticed a deep elf priest
  7498 | D:7      | Killed a deep elf priest
  7625 | D:8      | Reached skill level 10 in Summonings
  7986 | D:8      | Noticed Psyche
  7998 | D:8      | Killed Psyche
  8040 | D:8      | Found a staircase to the Lair.
  8666 | Lair:1   | Entered Level 1 of the Lair of Beasts
  8678 | Lair:1   | Noticed a spiny frog
  8688 | Lair:1   | Killed a spiny frog
  8688 | Lair:1   | Reached skill level 1 in Staves
  8688 | Lair:1   | Reached skill level 11 in Summonings
  9115 | Lair:1   | Noticed a komodo dragon
  9128 | Lair:1   | Killed a komodo dragon
  9167 | Lair:1   | Noticed a komodo dragon
  9172 | Lair:1   | Acquired Sif Muna's third power
  9177 | Lair:1   | Killed a komodo dragon
  9300 | Lair:1   | Noticed a komodo dragon
  9320 | Lair:1   | Killed a komodo dragon
  9386 | Lair:1   | Noticed a spiny frog
  9396 | Lair:1   | Killed a spiny frog
  9396 | Lair:1   | Reached XP level 10. HP: 32/63 MP: 8/19
  9562 | Lair:1   | Learned a level 4 spell: Summon Guardian Golem
  9578 | Lair:1   | Noticed a spiny frog
  9584 | Lair:1   | Killed a spiny frog
  9584 | Lair:1   | Reached skill level 1 in Hexes
  9765 | Lair:1   | Noticed a komodo dragon
  9769 | Lair:1   | Killed a komodo dragon
 10185 | Lair:2   | Noticed a griffon
 10198 | Lair:2   | Killed a griffon
 10447 | Lair:2   | Reached skill level 12 in Summonings
 10677 | Lair:2   | Noticed Fannar
 10745 | Lair:2   | Killed Fannar
 11048 | Lair:2   | Reached skill level 5 in Hexes
 12042 | Lair:3   | Noticed an elephant
 12053 | Lair:3   | Noticed an elephant
 12055 | Lair:3   | Noticed an elephant
 12059 | Lair:3   | Noticed an elephant
 12061 | Lair:3   | Noticed an elephant
 12061 | Lair:3   | Killed an elephant
 12061 | Lair:3   | Reached XP level 11. HP: 68/68 MP: 3/20
 12067 | Lair:3   | Killed an elephant
 12074 | Lair:3   | Killed an elephant
 12074 | Lair:3   | Reached skill level 13 in Summonings
 12081 | Lair:3   | Killed an elephant
 12083 | Lair:3   | Killed an elephant
 12327 | Lair:3   | Found a staircase to the Snake Pit.
 13213 | Lair:3   | Noticed an eight-headed hydra
 13218 | Lair:3   | Killed an eight-headed hydra
 13753 | Lair:4   | Reached skill level 5 in Staves
 13783 | Lair:4   | Received a gift from Sif Muna
 13784 | Lair:4   | Identified Sif Muna's Disquisition on Hexes and the Snowflakes {god gift} (Sif Muna gifted it to you on level 4 of the Lair of Beasts)
 13791 | Lair:4   | Slain by a yak

Action                   |  1- 3 |  4- 6 |  7- 9 | 10-12 || total
-------------------------+-------+-------+-------+-------++-------
Melee: Short sword       |    46 |       |       |       ||    46
       Unarmed           |     3 |     8 |       |       ||    11
       Whip              |    32 |   133 |   271 |    56 ||   492
       Quarterstaff      |       |       |       |   129 ||   129
 Cast: Summon Small Mamm |     9 |       |       |       ||     9
       Call Imp          |     3 |    10 |    21 |     9 ||    43
       Call Canine Famil |     1 |     7 |    22 |    23 ||    53
       Summon Ice Beast  |       |       |    39 |    56 ||    95
       Summon Guardian G |       |       |       |     6 ||     6
Invok: Channel Energy    |       |       |    56 |    97 ||   153
 Abil: Bottle Blood      |       |     6 |    31 |     4 ||    41
Evoke: Wand              |       |       |       |     5 ||     5
  Use: Potion            |     2 |    10 |    31 |    16 ||    59
       Scroll            |       |    15 |     6 |     2 ||    23
 Stab: Sleeping          |     2 |     3 |     8 |     2 ||    15
       Distracted        |       |     1 |     1 |     4 ||     6
  Eat: Corpse            |    11 |    12 |    19 |    23 ||    65
